 Dungeon Crawl Stone Soup version 0.31-a0-8-gd14b0f4ee2 (webtiles) character file.

Game seed: 16881606808553694827

698 jimonade the Covert (level 7, 0/41 HPs)
             Began as a Kobold Brigand on May 6, 2023.
             Slain by an orc warrior
             ... wielding a +0 halberd
              (5 damage)
             ... on level 6 of the Dungeon.
             The game lasted 00:16:30 (5804 turns).

jimonade the Covert (Kobold Brigand)                Turns: 5804, Time: 00:16:31

Health: 0/41       AC:  7    Str:  8    XL:     7   Next: 97%
Magic:  7/7        EV: 13    Int: 13    God:
Gold:   298        SH:  0    Dex: 18    Spells: 6/6 levels left

rFire   . . .        a - +2 dagger (venom)
rCold   . . .        (no shield)
rNeg    . . .        H - +0 ring mail
rPois   .            (no helmet)
rElec   .            c - +0 cloak
rCorr   .            (no gloves)
SInv    .            k - +0 pair of boots
Will    .....        (no amulet)
Stlth   +++++        D - +4 ring of slaying
HPRegen 0.26/turn    (no ring)
MPRegen 0.10/turn

%: no passive effects
@: no status effects
A: small, no large weapons, nightstalker 3
a: no special abilities


You were on level 6 of the Dungeon.
You visited 2 branches of the dungeon, and saw 7 of its levels.

You collected 298 gold pieces.

Inventory:

Hand Weapons
 a - a +2 dagger of venom (weapon)
 f - a +2 dagger
 l - a +0 sling
 F - the +3 falchion of Excruciating Pain {venom, Will+}
   (You found it on level 5 of the Dungeon)

   Will:      It increases your willpower.
Missiles
 d - 23 poisoned darts (quivered)
 e - 3 curare-tipped darts
 g - 3 boomerangs of dispersal
 s - a throwing net
Armour
 b - a +0 robe
 c - a +0 cloak (worn)
 k - a +0 pair of boots (worn)
 o - a +0 scale mail
 v - a +0 leather armour
 B - the +2 chain mail of Diler {Int+2 Dex+5}
   (You found it on level 3 of the Dungeon)

   Int:       It affects your intelligence (+2).
   Dex:       It affects your dexterity (+5).
 G - a scarf of invisibility
 H - a +0 ring mail (worn)
Magical Staves
 n - a staff of cold
 w - a staff of poison
Jewellery
 i - a ring of magical power
 D - a +4 ring of slaying (left hand)
Scrolls
 h - a scroll of enchant armour
 j - 5 scrolls of teleportation
 m - a scroll of enchant weapon
 p - a scroll of fear
 r - 2 scrolls of fog {unknown}
 u - a scroll of immolation {unknown}
 x - a scroll of noise {unknown}
 y - 2 scrolls of identify
 C - a scroll of torment {unknown}
 E - a scroll of magic mapping {unknown}
Potions
 q - a potion of curing
 t - 2 potions of attraction {unknown}
 z - a potion of mutation {unknown}
 A - a potion of heal wounds {unknown}


   Skills:
 + Level 3.5 Fighting
 + Level 5.5 Short Blades
 + Level 2.2 Throwing
 + Level 2.4 Armour
 + Level 2.8 Dodging
 + Level 9.3 Stealth
 * Level 0.3 Evocations


You had 6 spell levels left.
You didn't know any spells.
Your spell library contained the following spells:

 Spells                   Type           Power      Damage    Failure   Level
 Kiss of Death            Conj/Necr      0%         2d5       65%         1
 Sting                    Tmut/Pois      0%         1d3       65%         1
 Poisonous Vapours        Pois/Air       0%         N/A       80%         2
 Confusing Touch          Hex            0%         N/A       95%         3
 Dispel Undead            Necr           0%         3d6       100%        4
 Olgreb's Toxic Radiance  Pois           0%         N/A       100%        4


Dungeon Overview and Level Annotations

Branches:
Dungeon (6/15)             Temple (1/1) D:5

Altars:
Elyvilon
Gozag
Hepliaklqana
Kikubaaqudgha
Makhleb
Qazlal
Trog
Vehumet
Zin

Shops:
D:2 :(   D:4 (


Innate Abilities, Weirdness & Mutations

You are small and have problems with some larger weapons.
You are completely attuned to the shadows.


Message History

d - 23 poisoned darts (gained 3)
An orc wizard comes into view. It is wielding a +0 dagger.
An orc comes into view. It is wielding a +0 short sword.
The orc wizard shouts!
The orc shouts!
You hear a shout! x2
The orc wizard gestures wildly while chanting.
The orc wizard flickers and vanishes!
Deactivating autopickup; reactivate with Ctrl-A.
The orc moves out of view.
An orc warrior comes into view. It is wielding a +0 halberd.
You barely miss something. You closely miss something. Something hits you.
You barely miss something.
The orc warrior hits you from afar with a +0 halberd!
Something hits you but does no damage.
You hit something. You miss something.
The orc warrior hits you from afar with a +0 halberd!
You hear some strange, mumbled words.
You are confused.
You bump into the rock wall.
The orc warrior hits you from afar with a +0 halberd!
* * * LOW HITPOINT WARNING * * *
You hear some strange, mumbled words.
A puff of flame appears from out of thin air!
The puff of flame misses you.
You hit something. The orc warrior misses you.
Something hits you but does no damage.
You're too confused to move!
Reactivating autopickup.
You feel a bit more experienced. The orc warrior barely misses you.
You are too confused!
Unknown command.
The orc warrior barely misses you.
You are too confused!
Unknown command.
You bump into the rock wall.
You feel less confused. The orc warrior closely misses you.
The orc warrior hits you from afar with a +0 halberd.
You die...

... #.# ##.#. #.# ..#.
###.########### ####.#.
#.......@.oo... #....#.
##.#.########### #.....<
.....####################.
##........................
#....####################
.......... ..........
.......... .........


You could see an orc warrior and an orc.

Vanquished Creatures
  A phantom (D:5)
  3 jellies
  3 hounds (D:5)
  A gnoll bouda (D:4)
  A sleepcap (D:4)
  3 iguanas
  2 orc wizards
  3 adders
  11 gnolls
  2 ufetubi
  4 worms
  2 dart slugs
  12 orcs
  6 bats
  8 endoplasms
  4 giant cockroaches
  4 goblins
  5 hobgoblins
  3 jackals (D:3)
  2 quokkas
  4 ball pythons (D:3)
  5 frilled lizards
  4 kobolds
  13 rats
106 creatures vanquished.

Notes
Turn   | Place    | Note
-------+----------+-------------------------------------------
     0 | D:1      | jimonade the Kobold Brigand began the quest for the Orb.
     0 | D:1      | Reached XP level 1. HP: 12/12 MP: 1/1
   102 | D:1      | Reached XP level 2. HP: 17/17 MP: 2/2
   654 | D:1      | Reached skill level 6 in Stealth
   711 | D:1      | Reached XP level 3. HP: 21/21 MP: 3/3
  1212 | D:1      | Upgraded the game from 0.31-a0-7-g51783674b7 to
                  | 0.31-a0-8-gd14b0f4ee2
  1381 | D:2      | Reached XP level 4. HP: 27/27 MP: 4/4
  1426 | D:1      | Reached skill level 7 in Stealth
  1672 | D:2      | Found Wyoghumpi's Book Shoppe.
  1700 | D:2      | Reached XP level 5. HP: 17/31 MP: 5/5
  1910 | D:2      | Found Men Nypp's Weapon Shop.
  2282 | D:3      | Found a faded altar of an unknown god.
  2881 | D:3      | Reached XP level 6. HP: 36/36 MP: 6/6
  2887 | D:3      | Identified the +2 chain mail of Diler {Int+2 Dex+5}
  3141 | D:3      | Reached skill level 8 in Stealth
  3718 | D:4      | Reached skill level 1 in Armour
  3881 | D:4      | Found Siwem's Antique Weapon Shop.
  4164 | D:5      | Entered Level 5 of the Dungeon
  4191 | D:5      | Reached XP level 7. HP: 6/41 MP: 7/7
  4495 | D:5      | HP: 2/41 [orc/+0 hand axe (3)]
  4606 | D:5      | Reached skill level 5 in Short Blades
  4606 | D:5      | Reached skill level 9 in Stealth
  4920 | D:5      | Found a staircase to the Ecumenical Temple.
  4925 | Temple   | Entered the Ecumenical Temple
  5271 | D:5      | Identified the +3 falchion of Excruciating Pain {venom,
                  | Will+}
  5585 | D:5      | Found a stormy altar of Qazlal.
  5804 | D:6      | Slain by an orc warrior

Illustrated notes

Levels and vault maps discovered:
D:1:      dpeg_arrival_simpleton_a, layout_loops_corners, minivault_23,
          chequers_jeans, minmay_domino_2
D:2:      kennysheep_big_flooded_room, layout_rooms, serial_forest,
          infiniplex_forest_clump_tiny, infiniplex_forest_join,
          infiniplex_forest_lined_3, infiniplex_forest_zigzag_1,
          infiniplex_forest_end_2, infiniplex_forest_lined_3,
          infiniplex_forest_lined_2, infiniplex_forest_lined_room_3,
          infiniplex_forest_lined_corner, infiniplex_forest_straight_4,
          serial_shops, nicolae_shop_just_a_little_nook, shop
D:3:      layout_loops_ring, ebering_ecumenical_altar_sacrificial,
          serial_rivers, chequers_serial_rivers_micro_d,
          chequers_serial_rivers_micro_d, chequers_serial_rivers_micro_e,
          chequers_serial_rivers_marsh, chequers_serial_rivers_large_b,
          minmay_box_of_dots
D:4:      layout_rooms, serial_shops, kennysheep_mini_moat
D:5:      layout_basic, kennysheep_mini, minmay_temple_entry_glassed_door,
          serial_glass, glass_columns_b, glass_columns_a, glass_columns_a,
          glass_columns_a
D:6:      layout_basic, lemuel_crystal_altar, mainiacjoe_overflow_alcove_2,
          nicolae_shop_self_help
Temple:   nicolae_temple_godpark

Skill      XL: |  1  2  3  4  5  6  7 |
---------------+----------------------+-----
Short Blades   | 3 4 5 |  5.5
Stealth        | 6 7 8 9 |  9.3
Armour         | 1 2 |  2.4
Fighting       | 3 |  3.5
Dodging        | 2 |  2.8
Throwing       | |  2.2
Evocations     | |  0.3

Action                     |  1- 3 |  4- 6 |  7- 9 || total
---------------------------+-------+-------+-------++-------
  Melee: Dagger            |    65 |   143 |    83 ||   291
         Punch             |     1 |     3 |     1 ||     5
    Use: Scroll            |       |     4 |     1 ||     5
         Potion            |       |       |     2 ||     2
   Stab: Sleeping          |    16 |    20 |     2 ||    38
         Distracted        |       |     1 |     1 ||     2
 Armour: Robe              |     6 |     8 |       ||    14
         Leather armour    |       |    13 |    14 ||    27
         Ring mail         |       |       |     2 ||     2
  Dodge: Dodged            |    22 |    65 |    53 ||   140

Table legend: (Time is in decaauts)
 A = Elapsed time spent in this place.
 B = Non-inter-level travel time spent in this place.
 C = Inter-level travel time spent in this place.
 D = Time resting spent in this place.
 E = Time spent auto-exploring this place.
 F = Levels seen in this place.
 G = Mean time per level.
                   A        B        C        D        E       F      G
               +--------+--------+--------+--------+--------+-----+--------+
         Total |   5805 |   5540 |    265 |    588 |   3557 |   7 |  829.3 |
       Dungeon |   5624 |   5375 |    249 |    588 |   3402 |   6 |  937.3 |
        Temple |    181 |    165 |     16 |      0 |    155 |   1 |  181.0 |
               +--------+--------+--------+--------+--------+-----+--------+

Top non-repeatable levels by time:
     D:1: 1274 daAuts
     D:3: 1200 daAuts
     D:5: 1183 daAuts
     D:4: 979 daAuts
     D:2: 927 daAuts
  Temple: 181 daAuts
     D:6: 59 daAuts
